 Dungeon Crawl Stone Soup version 0.26.1-11-gd32895ea62 (webtiles) character file.

Game seed: 6087445390286655221

96 H0rd4k the Insei (level 4, -3/28 HPs)
             Began as an Octopode Transmuter on May 27, 2021.
             Killed by nerve-wracking pain
             ... invoked by an orc priest
              (13 damage)
             ... on level 3 of the Dungeon on May 28, 2021.
             The game lasted 00:02:08 (3054 turns).

H0rd4k the Insei (Octopode Transmuter)              Turns: 3054, Time: 00:02:09

Health: -3/28      AC:  1    Str:  9    XL:     4   Next: 67%
Magic:  7/7        EV: 14    Int: 16    God:
Gold:   114        SH:  0    Dex: 12    Spells: 3/7 levels left

rFire    . . .     SeeInvis .     - Unarmed
rCold    . . .     Faith    .   (no shield)
rNeg     . . .     Spirit   .   (helmet restricted)
rPois    .         Reflect  .   (no amulet)
rElec    .         Harm     .   (no ring)
rCorr    .         Rampage  .   (no ring)
Will     .....                  (no ring)
Stlth    ++........             (no ring)
HPRegen  0.09/turn              (no ring)
MPRegen  0.10/turn              (no ring)
                                (no ring)
                                (no ring)

@: no status effects
A: almost no armour, stealthy swim, amphibious, 8 rings, constrict 8, camouflage
1, gelatinous body 1
a: no special abilities


You were on level 3 of the Dungeon.
You visited 1 branch of the dungeon, and saw 3 of its levels.

You collected 114 gold pieces.

Inventory:

Missiles
 h - 11 poisoned darts (quivered)
Scrolls
 f - a scroll of remove curse {unknown}
 i - a scroll of enchant weapon {unknown}
 j - a scroll of identify {unknown}
 k - a scroll of immolation {unknown}
 l - 2 scrolls of fog {unknown}
Potions
 a - 2 potions of heal wounds {unknown}
 b - a potion of berserk rage {unknown}
 c - 3 potions of degeneration {unknown}
 d - 2 potions of brilliance {unknown}
 e - a potion of haste {unknown}
 g - 2 potions of curing {unknown}


   Skills:
 + Level 1.1 Fighting
 + Level 0.2 Throwing
 + Level 2.6 Dodging
 - Level 0.7 Stealth
 + Level 3.8 Unarmed Combat
 * Level 2.3 Spellcasting
 * Level 2.6 Transmutations
 * Level 1.5 Poison Magic


You had 3 spell levels left.
You knew the following spells:

 Your Spells              Type           Power        Failure   Level
a - Beastly Appendage     Tmut           20%          7%          1
b - Spider Form           Tmut/Pois      4%           26%         3

Your spell library contained the following spells:

 Spells                   Type           Power        Failure   Level
 Wereblood                Tmut           10%          10%         2
 Ice Form                 Ice/Tmut       6%           75%         4
 Blade Hands              Tmut           5%           88%         5


Dungeon Overview and Level Annotations

Branches:
Dungeon (3/15)

Altars:
Qazlal


Innate Abilities, Weirdness & Mutations

You cannot wear most types of armour.
You are very stealthy in the water. (Stealth+)
You are amphibious.
You can wear up to eight rings at the same time.
You can use your tentacles to constrict eight enemies at once.
Your skin changes colour to match your surroundings (Stealth+).
Your rubbery body absorbs attacks. (AC +1, EV +1)


Message History

Your grab misses the orc priest.
The orc priest is heavily wounded.
A rat comes into view.
The orc priest closely misses you.
You barely miss the orc priest. You grab the orc priest.
The orc priest is heavily wounded.
You constrict the orc priest, but do no damage.
The orc priest closely misses you.
You tentacle-slap the orc priest. You squeeze the orc priest.
The orc priest is severely wounded.
You constrict the orc priest.
The orc priest calls down the wrath of Beogh upon you.
Beogh smites you!
Ouch! That really hurt!
You tentacle-slap the orc priest but do no damage.
The orc priest is almost dead.
You constrict the orc priest.
The orc priest calls down the wrath of Beogh upon you.
Pain shoots through your body!
You die...

#.. ##. ... #.. ... ...
###...#.# #.# # .#
....).#.# #.# .# .#
.>......## ##.##.# ..##
#....(..###..).# .....
#...####.r....###...#.
## ####..o.#....?. #.#
#.)@........ #.#
#...<....#...# #.#
#........#...# #.#
#........#...# #.#
#............# #.#
####........#.#.###.###
#........###...........
.$.#..##.## #.#<###.###
#........# #.......# #


You could see an orc priest and a rat.

Vanquished Creatures
  Jessica (D:2)
  3 adders (D:2)
  A white imp (D:2)
  3 orcs
  2 giant cockroaches (D:1)
  2 goblins
  5 hobgoblins
  7 bats
  3 frilled lizards
  7 kobolds
  3 rats
37 creatures vanquished.

Notes
Turn   | Place    | Note
-------+----------+-------------------------------------------
     0 | D:1      | H0rd4k the Octopode Transmuter began the quest for the Orb.
     0 | D:1      | Reached XP level 1. HP: 13/13 MP: 3/3
   518 | D:1      | Reached XP level 2. HP: 18/18 MP: 5/5
  1294 | D:2      | Reached XP level 3. HP: 8/23 MP: 6/6
  1301 | D:2      | Learned a level 3 spell: Spider Form
  1304 | D:2      | Noticed Jessica
  1525 | D:2      | Killed Jessica
  1779 | D:2      | Reached skill level 1 in Poison Magic
  1779 | D:2      | Reached XP level 4. HP: 28/28 MP: 5/7
  2618 | D:3      | Found a stormy altar of Qazlal.
  3054 | D:3      | Killed from afar by an orc priest

Illustrated notes

Levels and vault maps discovered:
D:1:      amcnicky_arrival_underground_garden, layout_loops_ring, serial_forest,
          infiniplex_forest_straight_3, infiniplex_forest_lined_room_2,
          infiniplex_forest_lined_3, infiniplex_forest_clump_curved,
          infiniplex_forest_clump_tiny, infiniplex_forest_clump_tiny,
          infiniplex_forest_clump_diagonal, infiniplex_forest_clump_curved
D:2:      layout_loops_ring, uniq_jessica
D:3:      layout_loops_ring, lemuel_coloured_pillars_altar, grunt_qazlal_clouds,
          nicolae_overflow_crystal_walls, nicolae_overflow_hidden_temple

Skill      XL: |  1  2  3 |
---------------+----------+-----
Poison Magic   | 1 |  1.5
Fighting       | |  1.1
Throwing       | |  0.2
Dodging        | |  2.6
Stealth        | |  0.7
Unarmed Combat | |  3.8
Spellcasting   | |  2.3
Transmutations | |  2.6

Action                   |  1- 3 |  4- 6 || total
-------------------------+-------+-------++-------
Melee: Unarmed           |    51 |    44 ||    95
       Constrict         |    10 |    11 ||    21
       Tentacles         |     6 |     9 ||    15
       Punch             |     2 |       ||     2
Throw: Dart              |     4 |     3 ||     7
 Stab: Sleeping          |     5 |     2 ||     7
Armor: Skin              |     5 |     4 ||     9
Dodge: Dodged            |    37 |    24 ||    61
